rsa, chaotic male elven Wizard ---------------- -------- |..............| |......| |.<.............## |......| --------.------- # ##.......| ### # ----.--- # ------------- ### # ### |`.........`| # # # |.....`.....| --------### # ### |...-----...| |......|# ##%## # |...|.S.|...| #-.^.....# -|-+-- ###|..`|{@@|`...##########|......| |....| #....|..S|...| -------- |....| |...--.--...| |....| |.....*.)...| |....| |`.........`| |...`| ------------- |....| ------ rsa the Conjurer Experience level: 4 Strength: 7 Dexterity: 13 Constitution: 14 Intelligence: 20 Wisdom: 11 Charisma: 8 Health: 0(34) Energy: 0(50) Def: 1 Gold: 232 Moves: 1130 Dungeon seed: LKSvQFMhM_UFsxN8 Game ID: rsa_1591292555 Your Inventory: Coins $ - 232 gold pieces Weapons a - a blessed +1 quarterstaff (weapon in hands) t - 11 +0 darts I - 5 +0 arrows Armor e - a cursed +0 cloak of magic resistance (being worn) r - an uncursed +0 orcish helm Comestibles p - 2 uncursed cream pies s - an uncursed tripe ration v - an uncursed partly eaten food ration D - an uncursed food ration Scrolls i - an uncursed scroll of create monster k - 2 uncursed scrolls of identify z - a blessed scroll of identify Spellbooks l - a blessed spellbook of force bolt m - an uncursed spellbook of create monster E - an uncursed spellbook of magic missile K - an uncursed spellbook of detect treasure Potions g - an uncursed potion of blindness o - an uncursed potion of oil Rings c - an uncursed +1 ring of increase accuracy d - an uncursed ring of teleport control Tools n - an uncursed wooden harp u - an uncursed towel y - an uncursed leash B - an uncursed sack J - an uncursed wax candle (0:400) Gems q - an uncursed worthless piece of blue glass Spells and supernatural/magical abilities: Name Level Category Fail Memory a - force bolt 1 attack 0% 95% m - magic missile 2 attack 0% 100% G - detect treasure 4 divination 94% 100% O - create monster 2 clerical 39% 95% W - pray for help -- divine ? -- Your skills at the end: Fighting Skills Weapon Skills quarterstaff [Basic] Spellcasting Skills attack spells [Basic] enchantment spells [Basic] Final Attributes: You were aligned. You were sleep resistant. You were magic-protected. You had infravision. You were unlucky. You are dead. Vanquished creatures: a shrieker a gnome lord a kitten a homunculus a kobold lord a large kobold 2 cave spiders a yellow mold 6 jackals a fox 3 kobolds a goblin a sewer rat 8 grid bugs a lichen 3 newts 33 creatures vanquished. Voluntary challenges: You were vegetarian. You were an atheist. You used a wielded weapon 12 times, starting on turn 67. You read items or engraved 22 times, starting on turn 287. You never genocided any monsters. You never polymorphed an object. You never changed form. You used no wishes. You never split a pudding. You never wrote Elbereth's name. You violated your moral code, losing 17 points of alignment, starting on turn 1059. Dungeon overview: The Dungeons of Doom: levels 1 to 5 Level 1 a long staircase Level 2 Level 3 Level 4 Level 5 <- You were here some fountains History has recorded: On T:1 you entered the Dungeons of Doom to retrieve the Amulet of Yendor! On T:245 you reached level 2 of The Dungeons of Doom. On T:396 you reached level 3 of The Dungeons of Doom. On T:747 you reached level 4 of The Dungeons of Doom. On T:833 you reached level 5 of The Dungeons of Doom. On T:883 you advanced to experience level 2. On T:1019 you advanced to experience level 3. On T:1119 you advanced to experience level 4. Score breakdown: Gold: 232 ( 8052 points) Experience: 4 levels ( 9649 points) Exploration: 5 levels ( 10.00%) ( 8571 points) Discoveries: 3 items ( 1.09%) ( 3127 points) Valuables value: (no points given unless you survive) Artifact value: 0 ( 0 points) Variety of kills: 16 monsters ( 4.20%) ( 6147 points) Turncount: 1130 turns ( 0 points) Survival: died (score multiplied by 80%) Total score: 28436 Latest messages: You miss the Oracle. A hail of magic missiles narrowly misses you! An endless stream of snakes pours forth! The fountain dries up! The water moccasin bites! (2x) The Oracle is in no mood for consultations. You miss the Oracle. A hail of magic missiles narrowly misses you! The water moccasin bites! (2x) The wand of striking misses the Oracle. The water moccasin bites! (2x) The arrow misses the water moccasin. The water moccasin bites! (4x) You die... The sack is empty. The sack is empty. Final status: Goodbye rsa the Wizard, killed by a water moccasin... You died in The Dungeons of Doom on dungeon level 5 with 28436 points, and 232 pieces of gold, after 1130 moves. You were level 4 with a maximum of 34 hit points when you died.